[Event "Titled Tuesday Blitz July 11 Late 2023"]
[White "BenchGM"]
[Black "Bjelobrk, Igor"]
[BlackFideId "4300726"]
[WhiteElo "2355"]
[BlackElo "2630"]
[Result "0-1"]
[Round "1"]
[TimeControl "180+2"]
[Date "2023.07.11"]
[WhiteClock "0:00:00"]
[BlackClock "0:00:07"]
[Board "115"]

1. e4 e6 2. d4 d5 3. Nd2 c5 4. exd5 exd5 5. Bb5+ Nc6 6. Ngf3 cxd4 7. O-O Bd6 8. Nb3 Ne7 9. Qxd4 O-O 10. Qh4 Ng6 11. Qxd8 Rxd8 12. Bg5 f6 13. Be3 a6 14. Bxc6 bxc6 15. Bc5 Bc7 16. Nfd4 Bd7 17. Rfe1 Kf7 18. Re3 a5 19. a4 Re8 20. Rae1 Rxe3 21. Rxe3 Rb8 22. Ba3 Re8 23. Nc5 Rxe3 24. fxe3 Be8 25. Na6 Be5 26. Nb3 Nh4 27. Nxa5 Nf5 28. Kf2 Bxh2 29. Nb4 Ne7 30. Nd3 Bc7 31. Nb3 Nf5 32. a5 Bb8 33. Bc5 Nd6 34. Nd4 Ne4+ 35. Ke2 Nxc5 36. Nxc5 Ba7 37. b4 Ke7 0-1


[Site "https://www.chess.com"]

[Event "Titled Tuesday Blitz July 11 Late 2023"]
[White "Martinez Ramirez, Lennis"]
[Black "Spichkin, Alexander"]
[WhiteFideId "3509079"]
[BlackFideId "4144074"]
[WhiteElo "2628"]
[BlackElo "2354"]
[Result "1-0"]
[Round "1"]
[TimeControl "180+2"]
[Date "2023.07.11"]
[WhiteClock "0:00:30"]
[BlackClock "0:00:27"]
[Board "116"]

1. Nf3 e6 2. g3 f5 3. Bg2 Nf6 4. O-O Be7 5. d3 d6 6. Nbd2 O-O 7. e4 e5 8. exf5 Bxf5 9. d4 Nc6 10. dxe5 dxe5 11. c3 Kh8 12. Qb3 Rb8 13. Ng5 Qe8 14. Nde4 Nxe4 15. Nxe4 Qg6 16. Re1 Na5 17. Qa4 b6 18. Bd2 Rbd8 19. Rad1 Bd7 20. Qc2 Nc4 21. Bc1 Bf5 22. Rxd8 Rxd8 23. Qe2 Rf8 24. Qxc4 c5 25. Qe2 h6 26. f3 Bd8 27. Nf2 Bd3 28. Qxd3 Bf6 29. Qxg6 1-0


[Site "https://www.chess.com"]

[Event "Titled Tuesday Blitz July 11 Late 2023"]
[White "Garmendiarov"]
[Black "Grebeniuk, Semen"]
[BlackFideId "14117509"]
[WhiteElo "2352"]
[BlackElo "2627"]
[Result "0-1"]
[Round "1"]
[TimeControl "180+2"]
[Date "2023.07.11"]
[WhiteClock "0:00:05"]
[BlackClock "0:00:14"]
[Board "117"]

1. e4 c5 2. Nf3 Nc6 3. Bb5 g6 4. Bxc6 bxc6 5. d4 cxd4 6. Qxd4 f6 7. O-O e5 8. Qd3 d6 9. c4 Nh6 10. Nc3 Nf7 11. Rd1 Qc7 12. b4 Bg7 13. b5 Bd7 14. Be3 O-O 15. bxc6 Bxc6 16. Nd5 Bxd5 17. cxd5 Rfc8 18. Rdc1 Qa5 19. Qd2 Qa4 20. Qd3 Bh6 21. Bxh6 Nxh6 22. h3 Nf7 23. Nd2 Rab8 24. Nb3 Rxc1+ 25. Nxc1 Rb2 26. Kh2 Rxf2 27. Rb1 Qc2 28. Rb8+ Kg7 29. Qxc2 Rxc2 30. Nb3 Rxa2 31. Rb7 h5 32. Nc1 Ra4 33. Nd3 Rxe4 34. Nb4 Rxb4 35. Rxb4 f5 36. Ra4 Kf6 37. Rxa7 e4 38. Ra8 Ke5 39. Rf8 Kf6 40. g4 hxg4 41. hxg4 f4 42. g5+ Kg7 43. Re8 Nxg5 44. Re7+ Kf6 45. Re8 Kf5 46. Kg2 e3 47. Kf1 Kg4 48. Ke2 Nf7 49. Rf8 Ne5 50. Rg8 g5 51. Rd8 Nc4 52. Rc8 Nb6 53. Rc6 Nxd5 54. Rxd6 Nc3+ 55. Kd3 Nd1 56. Rg6 Nf2+ 57. Ke2 Kf5 58. Rg8 Ne4 59. Rf8+ Kg4 60. Rg8 Ng3+ 61. Ke1 Ne4 62. Rf8 Kf3 63. Kf1 g4 64. Ke1 g3 65. Rg8 g2 66. Rg7 Ng3 67. Kd1 g1=Q+ 68. Kc2 e2 69. Kb3 Qc5 70. Kb2 e1=Q 71. Rf7 Qeb4+ 72. Ka2 Qca5# 0-1


[Site "https://www.chess.com"]

[Event "Titled Tuesday Blitz July 11 Late 2023"]
[White "Veiga, Jose Francisco R P Neves"]
[Black "Stachanczyk, Jacek"]
[WhiteFideId "1930087"]
[BlackFideId "1116657"]
[WhiteElo "2625"]
[BlackElo "2348"]
[Result "0-1"]
[Round "1"]
[TimeControl "180+2"]
[Date "2023.07.11"]
[WhiteClock "0:00:01"]
[BlackClock "0:00:57"]
[Board "118"]

1. e4 c5 2. Nf3 d6 3. c3 Nf6 4. Be2 Nbd7 5. Qc2 Qc7 6. O-O b6 7. a4 Bb7 8. d3 e6 9. Na3 a6 10. Re1 Be7 11. Bf1 O-O 12. h3 Rfe8 13. Bf4 e5 14. Bh2 Bf8 15. Nc4 g6 16. Ne3 Bg7 17. Qb3 Rad8 18. Nd5 Nxd5 19. exd5 Nf6 20. c4 Nh5 21. Nd2 Rb8 22. Ne4 h6 23. Nc3 Bc8 24. a5 b5 25. cxb5 axb5 26. a6 b4 27. Ne4 Bd7 28. Nd2 Ra8 29. Nc4 Bb5 30. a7 Bxc4 31. dxc4 Rxa7 32. Rxa7 Qxa7 33. f4 e4 34. g4 Bd4+ 35. Kh1 Ng7 36. Bg2 f5 37. Bg1 Bf6 38. Be3 Ra8 39. g5 hxg5 40. fxg5 Be5 41. Re2 Nh5 42. Bf2 Qa1+ 43. Re1 Qa2 44. Qxa2 Rxa2 0-1


[Site "https://www.chess.com"]

[Event "Titled Tuesday Blitz July 11 Late 2023"]
[White "Shapiro, Daniel"]
[Black "Rostomyan, Mikayel"]
[WhiteFideId "2001780"]
[BlackFideId "13313754"]
[WhiteElo "2348"]
[BlackElo "2624"]
[Result "0-1"]
[Round "1"]
[TimeControl "180+2"]
[Date "2023.07.11"]
[WhiteClock "0:00:00"]
[BlackClock "0:00:21"]
[Board "119"]

1. d4 d5 2. c4 e5 3. dxe5 Ne7 4. cxd5 Qxd5 5. Qxd5 Nxd5 6. a3 Nc6 7. Nf3 h6 8. g3 g5 9. h3 Bg7 10. e4 Nb6 11. Nc3 Be6 12. Bb5 Bc4 13. Bxc6+ bxc6 14. Be3 O-O-O 15. Rd1 Bd3 16. Rd2 Nc4 17. Bxa7 Nxd2 18. Nxd2 Bxe5 19. Be3 Rhe8 20. Na4 Bc2 21. b3 Bd3 22. Nc5 Bc3 23. f3 Bc2 24. Ke2 Re5 25. Rc1 Bxd2 26. Rxc2 Bxe3 27. Kxe3 Re7 28. f4 f5 29. e5 Rd5 30. b4 Rd1 31. Rf2 Rg1 32. Kf3 Rg7 33. Re2 gxf4 34. gxf4 R7g3+ 35. Kf2 R1g2+ 36. Ke1 Rxe2+ 37. Kxe2 Rxh3 38. e6 Kd8 39. Nd3 Ke7 40. Ne5 Kxe6 41. Nxc6 Rxa3 42. Nd4+ Kf6 43. b5 h5 44. Nc6 h4 45. Ne5 h3 46. Nf3 h2 47. Nxh2 Ra2+ 48. Kd3 Rxh2 0-1


[Site "https://www.chess.com"]

[Event "Titled Tuesday Blitz July 11 Late 2023"]
[White "Mendez Fortes, Eduardo Jesus"]
[Black "Cluke86"]
[WhiteFideId "3502376"]
[WhiteElo "2623"]
[BlackElo "2346"]
[Result "1-0"]
[Round "1"]
[TimeControl "180+2"]
[Date "2023.07.11"]
[WhiteClock "0:01:41"]
[BlackClock "0:00:50"]
[Board "120"]

1. e4 d6 2. d4 Nf6 3. Nc3 e5 4. Nf3 Nbd7 5. Bc4 Be7 6. O-O c6 7. h3 Qc7 8. a4 h6 9. Be3 g5 10. Nh2 Nf8 11. d5 Ng6 12. a5 Nf4 13. Ba2 c5 14. Nb5 Qd8 15. Bc4 Nxe4 16. Re1 Nf6 17. Bxc5 dxc5 18. d6 Bxd6 19. Nxd6+ Kf8 20. Nxf7 Qxd1 21. Raxd1 Rh7 22. Nxe5 Bf5 23. Nhg4 Nxg4 24. hxg4 Bxc2 25. Rd6 Re7 26. g3 Rae8 27. gxf4 gxf4 28. Nd7+ Rxd7 29. Rxe8+ Kxe8 30. Bb5 1-0


[Site "https://www.chess.com"]

[Event "Titled Tuesday Blitz July 11 Late 2023"]
[White "Semenenko, Dmytry"]
[Black "Ovchinnikov, Vsevolod"]
[WhiteFideId "14118645"]
[BlackFideId "24176842"]
[WhiteElo "2341"]
[BlackElo "2621"]
[Result "0-1"]
[Round "1"]
[TimeControl "180+2"]
[Date "2023.07.11"]
[WhiteClock "0:01:05"]
[BlackClock "0:00:35"]
[Board "121"]

1. Nf3 Nf6 2. c4 g6 3. d4 Bg7 4. Nc3 d5 5. Qb3 dxc4 6. Qxc4 O-O 7. e4 a6 8. e5 b5 9. Qb3 Nfd7 10. Qd5 Nb6 11. Qxd8 Rxd8 12. Be3 Bb7 13. Bd3 f6 14. Be4 Bxe4 15. Nxe4 N8d7 16. e6 Nf8 17. Nc5 Rd6 18. Bf4 Rc6 19. O-O Nd5 20. Bg3 Nxe6 21. Rac1 Nxc5 22. dxc5 e5 23. Rfd1 Ne7 24. Rd7 Kf8 25. b4 a5 26. Ne1 Ke8 27. Rd2 axb4 28. Nd3 Rd8 29. Rdd1 Rd4 30. f4 e4 31. Nf2 f5 32. Kf1 Nd5 33. Rxd4 Bxd4 34. Rd1 Ne3+ 35. Ke2 Nxd1 36. Nxd1 Rxc5 37. Be1 Rc2+ 0-1


[Site "https://www.chess.com"]

[Event "Titled Tuesday Blitz July 11 Late 2023"]
[White "Kantans, Toms"]
[Black "Schuster, Karsten"]
[WhiteFideId "11602945"]
[BlackFideId "4611071"]
[WhiteElo "2620"]
[BlackElo "2338"]
[Result "1-0"]
[Round "1"]
[TimeControl "180+2"]
[Date "2023.07.11"]
[WhiteClock "0:00:43"]
[BlackClock "0:00:12"]
[Board "122"]

1. e4 d5 2. exd5 Qxd5 3. Nc3 Qd6 4. d4 c6 5. Nf3 Bg4 6. h3 Bxf3 7. Qxf3 Nf6 8. Be3 e6 9. O-O-O Qc7 10. g4 Bd6 11. Bg2 Nbd7 12. Kb1 Nb6 13. Bc1 Nbd5 14. Ne2 O-O-O 15. c4 Nb4 16. a3 Na6 17. g5 Ne8 18. Nc3 f6 19. h4 Qf7 20. Rhe1 Rf8 21. Qe2 Nac7 22. Ne4 fxg5 23. hxg5 Bf4 24. Bxf4 Qxf4 25. Ka1 Nd6 26. Nc5 Qxf2 27. Nxe6 Qxe2 28. Rxe2 Nxe6 29. Rxe6 Nxc4 30. d5 Rf2 31. Bh3 Kb8 32. d6 Nxb2 33. Rde1 Nc4 34. Re8 Rf8 35. d7 Nd6 36. Rxd8+ Rxd8 37. Re7 g6 38. Rxh7 Kc7 39. Rg7 Nf5 40. Rxg6 Nd4 41. Rf6 Nc2+ 42. Kb2 Ne3 43. g6 Nd5 44. Rf7 Kd6 45. g7 Ne7 46. Rf8 Kc7 47. Re8 Ng8 48. Be6 Nf6 49. Rf8 Rxd7 50. Bxd7 1-0


[Site "https://www.chess.com"]

[Event "Titled Tuesday Blitz July 11 Late 2023"]
[White "Elaisaz"]
[Black "Di Berardino, Diego Rafael"]
[BlackFideId "2105446"]
[WhiteElo "2335"]
[BlackElo "2617"]
[Result "0-1"]
[Round "1"]
[TimeControl "180+2"]
[Date "2023.07.11"]
[WhiteClock "0:00:09"]
[BlackClock "0:01:13"]
[Board "123"]

1. Nf3 Nf6 2. g3 g6 3. Bg2 Bg7 4. O-O O-O 5. c4 d6 6. d4 Nc6 7. Nc3 a6 8. e4 Bg4 9. Be3 e5 10. d5 Nd4 11. Bxd4 exd4 12. Qxd4 Re8 13. Qd3 Nd7 14. Nd2 Nc5 15. Qc2 a5 16. h3 Bd7 17. Nb3 b6 18. Nxc5 bxc5 19. Rae1 a4 20. a3 Qb8 21. f4 Qb6 22. Qf2 Bd4 23. Re3 Rab8 24. Nd1 Bxe3 25. Qxe3 Qb3 26. Qxb3 Rxb3 27. Rf2 Rxg3 28. Kh2 Rb3 29. Nc3 Reb8 30. e5 Rxb2 31. Rf1 Bf5 32. e6 Kf8 33. exf7 Kxf7 34. Nxa4 Rc2 0-1


[Site "https://www.chess.com"]

[Event "Titled Tuesday Blitz July 11 Late 2023"]
[White "Banzea, Alexandru-Bogdan"]
[Black "kripri"]
[WhiteFideId "1232622"]
[WhiteElo "2616"]
[BlackElo "2335"]
[Result "1-0"]
[Round "1"]
[TimeControl "180+2"]
[Date "2023.07.11"]
[WhiteClock "0:00:05"]
[BlackClock "0:00:09"]
[Board "124"]

1. d4 d5 2. Nc3 e6 3. Bf4 a6 4. e3 Nf6 5. Nf3 Bd6 6. Bd3 Bxf4 7. exf4 O-O 8. Ne5 c5 9. dxc5 Qa5 10. Qf3 Qxc5 11. Qh3 h6 12. g4 d4 13. g5 hxg5 14. O-O-O gxf4 15. Ng4 Nbd7 16. Rhg1 Rd8 17. Nxf6+ Nxf6 18. Qh6 Kf8 19. Qxg7+ Ke7 20. Rg6 Ne8 21. Qh7 Nf6 22. Rxf6 dxc3 23. Qxf7+ Kd6 24. Bh7+ Kc6 25. Rxd8 cxb2+ 26. Kb1 Qxf2 27. Be4+ Kb6 28. Rxe6+ Bxe6 29. Qxe6+ Ka7 30. Rxa8+ Kxa8 31. Qc8+ Ka7 32. Qxb7# 1-0


[Site "https://www.chess.com"]

[Event "Titled Tuesday Blitz July 11 Late 2023"]
[White "Weisz, Bryan"]
[Black "Sadykov, Ramil"]
[WhiteFideId "30934133"]
[BlackFideId "24113590"]
[WhiteElo "2331"]
[BlackElo "2616"]
[Result "1/2-1/2"]
[Round "1"]
[TimeControl "180+2"]
[Date "2023.07.11"]
[WhiteClock "0:00:02"]
[BlackClock "0:00:02"]
[Board "125"]

1. e4 c5 2. d4 cxd4 3. Qxd4 Nc6 4. Qd3 g6 5. c4 Bg7 6. Nc3 Nf6 7. Nf3 O-O 8. Be2 d6 9. O-O Bg4 10. Be3 Rc8 11. b3 Bxf3 12. Bxf3 Ne5 13. Qe2 Nxf3+ 14. Qxf3 a6 15. Rac1 Nd7 16. Nd5 Re8 17. Rfd1 Qa5 18. Qe2 Qa3 19. h4 h5 20. Bg5 Bf8 21. g4 hxg4 22. Qxg4 Ne5 23. Qh3 Rxc4 24. Rxc4 Nxc4 25. h5 Ne5 26. f4 Qc5+ 27. Kh1 Qc2 28. Re1 Nd3 29. Rf1 Nf2+ 30. Rxf2 Qxf2 31. hxg6 Qe1+ 32. Kh2 Qe2+ 33. Kg1 fxg6 34. Qe6+ Kg7 35. Bf6+ exf6 36. Qxe8 Qe1+ 37. Kh2 Qf2+ 38. Kh1 Qf3+ 39. Kg1 g5 40. Qd7+ Kh6 41. Nxf6 Qg3+ 42. Kh1 Qf3+ 43. Kg1 Qg3+ 44. Kh1 Qh4+ 45. Kg1 Qg3+ 1/2-1/2


[Site "https://www.chess.com"]

[Event "Titled Tuesday Blitz July 11 Late 2023"]
[White "Goldin, Alexander"]
[Black "Daianu, Cristian-Clement"]
[WhiteFideId "2019540"]
[BlackFideId "1208926"]
[WhiteElo "2616"]
[BlackElo "2327"]
[Result "1-0"]
[Round "1"]
[TimeControl "180+2"]
[Date "2023.07.11"]
[WhiteClock "0:02:04"]
[BlackClock "0:02:27"]
[Board "126"]

1. d4 f5 2. g3 e6 3. Bg2 Nf6 4. c4 d6 5. Nc3 Be7 6. Nf3 O-O 7. O-O a5 8. b3 Nc6 9. Bb2 Qe8 10. d5 Nb4 11. dxe6 Bxe6 12. Nd4 Bd7 13. Bxb7 Rb8 14. Bg2 Qh5 15. e3 Qh6 16. Nd5 Ng4 17. Nxe7+ 1-0


[Site "https://www.chess.com"]

[Event "Titled Tuesday Blitz July 11 Late 2023"]
[White "Vasques, Antonio Pedro Freixial"]
[Black "Fiorito, Joaquin"]
[WhiteFideId "1908332"]
[BlackFideId "180173"]
[WhiteElo "2325"]
[BlackElo "2615"]
[Result "0-1"]
[Round "1"]
[TimeControl "180+2"]
[Date "2023.07.11"]
[WhiteClock "0:02:07"]
[BlackClock "0:02:21"]
[Board "127"]

1. e4 c5 2. Nc3 d6 3. Nf3 a6 4. d4 cxd4 5. Nxd4 Nf6 6. Be3 e5 7. Nb3 Be7 8. f3 Be6 9. Qd2 h5 10. O-O-O Nbd7 11. Kb1 Rc8 12. f4 b5 13. f5 Bxb3 14. axb3 Nc5 15. Bd3 Qc7 16. Bg5 b4 17. Nd5 Nxd5 18. exd5 Bxg5 19. Qxg5 Nxd3 20. cxd3 Qc2+ 21. Ka2 Rc5 0-1


[Site "https://www.chess.com"]

[Event "Titled Tuesday Blitz July 11 Late 2023"]
[White "Garcia Ramos, Daniel"]
[Black "Fajdetic, Hrvoje"]
[WhiteFideId "32010311"]
[BlackFideId "14501945"]
[WhiteElo "2612"]
[BlackElo "2322"]
[Result "1/2-1/2"]
[Round "1"]
[TimeControl "180+2"]
[Date "2023.07.11"]
[WhiteClock "0:00:55"]
[BlackClock "0:00:06"]
[Board "128"]

1. e4 c5 2. Nf3 a6 3. c3 d5 4. exd5 Qxd5 5. d4 e6 6. Be2 Nf6 7. Be3 cxd4 8. cxd4 Bb4+ 9. Nc3 Nc6 10. O-O Bxc3 11. bxc3 O-O 12. c4 Qa5 13. h3 Rd8 14. Qb3 Qf5 15. Rac1 h6 16. Rfd1 Na5 17. Qb6 Bd7 18. d5 Nxc4 19. Bxc4 exd5 20. Bd3 Qh5 21. Be2 Qf5 22. Nd4 Qe5 23. Qxb7 Rab8 24. Qc7 Qxc7 25. Rxc7 Rb2 26. Bxa6 Rxa2 27. Bb5 Bxb5 28. Nxb5 Ra4 29. Bd4 Ne4 30. f3 Ng3 31. Kh2 Nf5 32. Ba1 Ra2 33. Nc3 Rc2 34. Rxd5 Ra8 35. Rxf5 Rxa1 36. Rc8+ Kh7 37. Rxf7 Rac1 38. Rfc7 Kg6 39. Nd5 Rxc7 40. Rxc7 Rd1 41. Rc6+ Kh7 42. Ne3 Rd2 43. Nf5 Rd5 44. g4 Rd7 45. Kg3 Ra7 46. h4 Rb7 47. h5 Ra7 48. Rg6 Rb7 49. Nd4 Rc7 50. Ne6 Ra7 51. Rxg7+ Rxg7 52. Nxg7 Kxg7 53. Kf4 Kf6 54. g5+ hxg5+ 55. Kg4 Kg7 56. Kxg5 Kh7 57. f4 Kg7 58. f5 Kh7 59. f6 Kg8 60. Kg6 Kh8 61. Kf7 Kh7 62. Ke7 Kh6 63. f7 Kh7 64. f8=Q 1/2-1/2


[Site "https://www.chess.com"]

[Event "Titled Tuesday Blitz July 11 Late 2023"]
[White "The_Straightforward_Rook"]
[Black "Weishaeutel, Moritz"]
[BlackFideId "12967300"]
[WhiteElo "2321"]
[BlackElo "2610"]
[Result "0-1"]
[Round "1"]
[TimeControl "180+2"]
[Date "2023.07.11"]
[WhiteClock "0:00:59"]
[BlackClock "0:01:21"]
[Board "129"]

1. d4 Nf6 2. c4 c5 3. d5 b5 4. cxb5 a6 5. e3 axb5 6. Bxb5 Qa5+ 7. Nc3 Bb7 8. Bd2 Qb6 9. a4 Nxd5 10. Nf3 e6 11. O-O Nf6 12. Ne5 Be7 13. e4 O-O 14. Nc4 Qc7 15. e5 Nd5 16. Ne4 Nc6 17. Ncd6 Nxe5 18. Nxb7 Qxb7 19. f4 Nc6 20. f5 Nd4 21. Bd3 Nxf5 22. Qg4 Nde3 23. Bxe3 Nxe3 24. Qh3 Nf5 25. g4 c4 26. Bb1 Nh4 27. g5 Ng6 28. Nf6+ gxf6 29. gxf6 Bxf6 30. Rxf6 Qxb2 31. Rf1 Qxa1 32. Bxg6 Qd4+ 33. Rf2 0-1


[Site "https://www.chess.com"]

[Event "Titled Tuesday Blitz July 11 Late 2023"]
[White "Ambartsumova, Karina"]
[Black "Gerbelli Neto, Eduardo"]
[WhiteFideId "4166299"]
[BlackFideId "2103281"]
[WhiteElo "2610"]
[BlackElo "2317"]
[Result "1-0"]
[Round "1"]
[TimeControl "180+2"]
[Date "2023.07.11"]
[WhiteClock "0:00:07"]
[BlackClock "0:00:00"]
[Board "130"]

1. e4 e5 2. Nf3 Nc6 3. Bc4 Nf6 4. O-O Nxe4 5. Re1 d5 6. Bb5 Bc5 7. d4 exd4 8. Nxd4 O-O 9. Bxc6 bxc6 10. Be3 Qf6 11. c3 Bb6 12. Nd2 Nxd2 13. Qxd2 c5 14. Nb3 c4 15. Bxb6 axb6 16. Nd4 c5 17. Nc2 Bb7 18. a3 Rad8 19. Rad1 Qg6 20. f4 d4 21. cxd4 cxd4 22. f5 Qg4 23. h3 Qg3 24. Qf2 Qxf2+ 25. Kxf2 d3 26. Nb4 Rfe8 27. Rd2 Rxe1 28. Kxe1 Re8+ 29. Kf2 Re5 30. g4 h5 31. Na2 hxg4 32. hxg4 Re4 33. Nc3 Rxg4 34. b3 Rf4+ 35. Ke1 cxb3 36. Rxd3 Rxf5 37. Rd8+ Kh7 38. Rb8 Bg2 39. Rxb6 Rf1+ 40. Ke2 Rc1 41. Rxb3 g5 42. Kf2 Bc6 43. Ne2 Rc2 44. Ke3 Kg6 45. Nd4 Rc1 46. Rb6 Rc3+ 47. Kd2 Rxa3 48. Rxc6+ f6 49. Ne2 g4 50. Ke1 Kg5 51. Kf2 f5 52. Rc8 Ra2 53. Rg8+ Kf6 54. Ke3 Ra3+ 55. Kf2 Rf3+ 56. Kg2 Re3 57. Nf4 Ke5 58. Ng6+ Kd4 59. Rd8+ Ke4 60. Re8+ Kd3 61. Rd8+ Ke4 62. Re8+ Kd3 63. Nf4+ Kd2 64. Rf8 1-0


[Site "https://www.chess.com"]

[Event "Titled Tuesday Blitz July 11 Late 2023"]
[White "kiwibobo"]
[Black "Vlassov, Nikolai"]
[BlackFideId "4103360"]
[WhiteElo "2314"]
[BlackElo "2608"]
[Result "1-0"]
[Round "1"]
[TimeControl "180+2"]
[Date "2023.07.11"]
[WhiteClock "0:01:24"]
[BlackClock "0:00:20"]
[Board "131"]

1. e4 Nc6 2. Nf3 d5 3. exd5 Qxd5 4. Nc3 Qa5 5. d4 Bg4 6. Bd2 O-O-O 7. d5 Nb4 8. Bc4 Nf6 9. O-O Qc5 10. Bb3 Nbxd5 11. Nxd5 Nxd5 12. h3 Bh5 13. g4 Bg6 14. Ne5 e6 15. Qf3 f6 16. Nxg6 hxg6 17. Rfe1 e5 18. Rad1 g5 19. Be3 Qa5 20. Bxd5 Bd6 21. Bxb7+ Kb8 22. Bd5 Bc5 23. Bxc5 Qxc5 24. Rd3 c6 25. Rb3+ Kc7 26. Bxc6 Qxc6 27. Rc3 Rd6 28. Rxc6+ Rxc6 29. Qd3 Rd8 30. Qb3 Rd2 31. c3 Rd3 32. Rd1 Rxh3 33. Qf7+ Kb6 34. Rd7 1-0


[Site "https://www.chess.com"]

[Event "Titled Tuesday Blitz July 11 Late 2023"]
[White "HamedWafa4"]
[Black "Tsyhanchuk, Stanislav"]
[BlackFideId "13505130"]
[WhiteElo "2607"]
[BlackElo "2313"]
[Result "0-1"]
[Round "1"]
[TimeControl "180+2"]
[Date "2023.07.11"]
[WhiteClock "0:00:29"]
[BlackClock "0:00:10"]
[Board "132"]

1. d4 Nf6 2. Nc3 d5 3. Bf4 a6 4. e3 e6 5. a3 c5 6. Nf3 Nc6 7. Be2 cxd4 8. exd4 Bd6 9. Bg5 h6 10. Bh4 O-O 11. O-O Be7 12. Bd3 b5 13. Ne2 Qc7 14. c3 Bb7 15. Re1 Ne4 16. Bxe7 Nxe7 17. Ng3 f5 18. Ne5 Nc6 19. Nxc6 Bxc6 20. f3 Ng5 21. Qd2 Rae8 22. Ne2 f4 23. Nc1 e5 24. dxe5 Rxe5 25. Nb3 Rfe8 26. Nd4 Re3 27. Nc2 Rxf3 28. Rxe8+ Bxe8 29. h4 Qc5+ 30. Nd4 Rg3 31. Kh2 Qc7 32. Re1 Ne4 33. Bxe4 dxe4 34. Rxe4 f3 35. Rxe8+ Kf7 36. Rf8+ Kg6 37. Qd3+ Kh5 38. Rf5+ g5 39. Kh1 fxg2+ 40. Kg1 Rxd3 41. Kxg2 Qg3+ 42. Kf1 Rd1+ 43. Ke2 Qe1+ 44. Kf3 Rd3+ 45. Kg2 Rg3+ 46. Kh2 Qg1# 0-1


[Site "https://www.chess.com"]

[Event "Titled Tuesday Blitz July 11 Late 2023"]
[White "AndresDelgado77"]
[Black "NovoselovRoman"]
[WhiteElo "2311"]
[BlackElo "2607"]
[Result "1/2-1/2"]
[Round "1"]
[TimeControl "180+2"]
[Date "2023.07.11"]
[WhiteClock "0:00:34"]
[BlackClock "0:00:31"]
[Board "133"]

1. e4 d5 2. Nc3 dxe4 3. Nxe4 Nf6 4. Nxf6+ exf6 5. d4 Bd6 6. Bd3 Nc6 7. c3 O-O 8. Qc2 h6 9. Ne2 b6 10. Be3 Bb7 11. Bh7+ Kh8 12. Be4 Re8 13. Bf3 Qc8 14. O-O-O Ne7 15. Bxb7 Qxb7 16. g4 Nd5 17. Qd2 Nxe3 18. fxe3 Qf3 19. Rdf1 Qxe3 20. Ng3 Qxd2+ 21. Kxd2 Bxg3 22. hxg3 Kg8 23. Rh2 Re4 24. Rf4 Rae8 25. Rhf2 Re1 26. c4 Rg1 27. R2f3 Rg2+ 28. Kc3 Ree2 29. b3 Rxa2 30. Re4 a5 31. Re8+ Kh7 32. d5 Rgd2 33. Rd3 Rac2+ 34. Kd4 Re2 35. Rde3 Rcd2+ 36. Kc3 1/2-1/2


[Site "https://www.chess.com"]

[Event "Titled Tuesday Blitz July 11 Late 2023"]
[White "Piesik, Piotr"]
[Black "Da Matta, Eduardo Cesar"]
[WhiteFideId "1136194"]
[BlackFideId "2193108"]
[WhiteElo "2605"]
[BlackElo "2309"]
[Result "1-0"]
[Round "1"]
[TimeControl "180+2"]
[Date "2023.07.11"]
[WhiteClock "0:01:35"]
[BlackClock "0:00:48"]
[Board "134"]

1. Nf3 c5 2. g3 Nc6 3. Bg2 g6 4. c3 Bg7 5. d4 cxd4 6. cxd4 d5 7. O-O Nf6 8. Nc3 O-O 9. Ne5 e6 10. Nxc6 bxc6 11. b3 Ba6 12. Na4 Bb5 13. Ba3 Re8 14. Nc5 Nd7 15. Rc1 Nxc5 16. Bxc5 a5 17. a4 Ba6 18. Qd2 Qc7 19. Rc2 e5 20. dxe5 Qxe5 21. Re1 Qc7 22. e3 Rad8 23. Bd4 Bxd4 24. Qxd4 Qb7 25. Rc3 Rb8 26. Rec1 Rec8 27. Bh3 Rc7 28. Qc5 Qb4 29. Qxb4 Rxb4 30. Rxc6 Rxc6 31. Rxc6 Bd3 32. Rc3 Bb1 33. Bg2 Be4 34. Bf1 Bb1 35. Bd3 Ba2 36. Bc2 Kg7 37. Kf1 Kf6 38. Ke2 Ke5 39. f4+ Kd6 40. Kd2 d4 41. exd4 Rxd4+ 42. Rd3 Kc5 43. Kc3 Re4 44. Kb2 Re2 45. Rc3+ Kb4 46. Rc4# 1-0


[Site "https://www.chess.com"]

[Event "Titled Tuesday Blitz July 11 Late 2023"]
[White "Bullen, Alex"]
[Black "Ganiev, Roman"]
[WhiteFideId "1801627"]
[BlackFideId "4131452"]
[WhiteElo "2306"]
[BlackElo "2602"]
[Result "0-1"]
[Round "1"]
[TimeControl "180+2"]
[Date "2023.07.11"]
[WhiteClock "0:00:00"]
[BlackClock "0:00:04"]
[Board "135"]

1. d4 Nf6 2. Nf3 e6 3. Bg5 d5 4. e3 Be7 5. c3 c5 6. Bd3 h6 7. Bh4 Nc6 8. Nbd2 O-O 9. O-O b6 10. Ne5 Bb7 11. f4 Rc8 12. Ndf3 Ne4 13. Bxe7 Nxe7 14. Qe2 Nf5 15. g4 Nfd6 16. Kh1 Qe8 17. g5 h5 18. Nh4 g6 19. Rf3 cxd4 20. exd4 b5 21. Raf1 b4 22. f5 exf5 23. Nxf5 Nxf5 24. Rxf5 gxf5 25. Qxh5 f6 26. g6 Rc7 27. Nf7 Rcxf7 28. gxf7+ Qxf7 29. Rg1+ Ng5 30. Qh4 Qh7 31. Qf4 Bc8 32. h4 Kh8 33. Kg2 Ne6 34. Qd6 Rg8+ 35. Kf1 Rxg1+ 36. Kxg1 Qg8+ 37. Kf1 Qd8 38. Qg3 Qc7 39. Qg6 Nf8 40. Qxf6+ Qg7 41. Qd8 Be6 0-1


[Site "https://www.chess.com"]

[Event "Titled Tuesday Blitz July 11 Late 2023"]
[White "Chen, Justin"]
[Black "Manon-og, Ramon Jr."]
[WhiteFideId "2098199"]
[BlackFideId "5200776"]
[WhiteElo "2601"]
[BlackElo "2306"]
[Result "1-0"]
[Round "1"]
[TimeControl "180+2"]
[Date "2023.07.11"]
[WhiteClock "0:00:02"]
[BlackClock "0:00:00"]
[Board "136"]

1. e4 c5 2. Nf3 d6 3. Bb5+ Nd7 4. O-O a6 5. Bxd7+ Bxd7 6. d4 cxd4 7. Qxd4 e5 8. Qd3 Rc8 9. Nc3 h6 10. Nd2 Nf6 11. Nc4 Be6 12. Ne3 Be7 13. Rd1 O-O 14. b3 Qc7 15. Bb2 Rfd8 16. Rac1 b5 17. a3 Qc5 18. h3 Rb8 19. Rd2 a5 20. Rcd1 b4 21. axb4 Rxb4 22. Ba3 Rc8 23. Bxb4 axb4 24. Ncd5 Nxd5 25. Nxd5 Bg5 26. Re2 Ra8 27. Kh2 Ra2 28. Ne3 Be7 29. Nc4 Ra6 30. Ne3 Ra2 31. Nf5 Bxf5 32. exf5 Qc6 33. Qd5 Rxc2 34. Qxc6 Rxc6 35. Re4 Rc2 36. f3 Rb2 37. Rxb4 Kh7 38. Rb7 Bg5 39. Rd3 Bf4+ 40. Kg1 Bg3 41. Kf1 Rf2+ 42. Kg1 Rb2 43. Rd1 Kg8 44. Rb8+ Kh7 45. Rb7 f6 46. Rd7 h5 47. R7xd6 Rxb3 48. R6d3 Rb2 49. R3d2 Rb4 50. Re2 Rf4 51. Re4 Rxf5 52. Kf1 Rg5 53. Rd7 f5 54. Rc4 Rg6 55. Ke2 h4 56. Rcc7 Kh6 57. Rb7 e4 58. fxe4 fxe4 59. Re7 Bd6 60. Rxe4 Rxg2+ 61. Kf1 Rd2 62. Rxh4+ Kg5 63. Rg4+ Kf5 64. Rbxg7 Be5 65. R7g5+ Kf6 66. Rg8 Kf5 67. Rf8+ 1-0


[Site "https://www.chess.com"]

[Event "Titled Tuesday Blitz July 11 Late 2023"]
[White "Kostiukov, Alexandr"]
[Black "Geivondian, Arman"]
[WhiteFideId "14108100"]
[BlackFideId "24102032"]
[WhiteElo "2305"]
[BlackElo "2599"]
[Result "1-0"]
[Round "1"]
[TimeControl "180+2"]
[Date "2023.07.11"]
[WhiteClock "0:00:53"]
[BlackClock "0:01:43"]
[Board "137"]

1. g3 e5 2. Bg2 Nf6 3. c4 d5 4. cxd5 Nxd5 5. Nf3 Nc6 6. O-O Be6 7. d4 exd4 8. Nxd4 Nxd4 9. Qxd4 c6 10. Rd1 Qb6 11. Nc3 Bc5 12. Qxg7 Bxf2+ 13. Kh1 O-O-O 14. Nxd5 cxd5 15. Bf4 d4 16. Rac1+ Kd7 17. Rc2 Rc8 18. Rxc8 Rxc8 19. e3 Qxb2 20. Rxd4+ Qxd4 21. Qxd4+ Ke8 22. Qa4+ Bd7 23. Qe4+ Be6 24. Qb1 b6 25. h4 h5 26. Bf3 Rc3 27. Qb5+ Ke7 28. Qb4+ Rc5 29. Qd2 Bxe3 30. Bxe3 Rf5 31. Bg5+ Kf8 32. Be4 Rf1+ 33. Kg2 Bc4 34. Bf3 Rb1 35. Qd6+ Kg8 36. Qd8+ Kg7 37. Qf6+ Kg8 38. Bh6 Rb2+ 39. Kg1 Rb1+ 40. Kf2 Rf1+ 41. Ke3 1-0


[Site "https://www.chess.com"]